Map: Catalyst LE

Players

CinDra

  • Race: Zerg Zerg
  • League: Silver
  • Spawn Location: 5:00

Spooky - Winner!

  • Race: Protoss Protoss
  • League: Platinum
  • Spawn Location: 11:00

VOD

Have the link to the VOD?

Description

Time

  • Played on: Feb. 23, 2018, 7:35 p.m.
  • Length: 11:54
Show
View Real Time Build Order
Export as new Build Order

CinDra Zerg 

Build Orders: Hatch First 

Get SALT Encoding   

  12  0:01  Drone  
  13  0:13  Overlord  
  13  0:21  Drone  
  14  0:31  Drone  
  14  0:32  Drone  
  16  0:37  Drone  
  17  0:54  Hatchery  
  17  0:56  Drone  
  17  1:10  Extractor, Drone x2  
  18  1:23  Spawning Pool  
  18  1:24  Drone  
  18  1:35  Drone  
  20  1:40  Drone  
  20  1:50  Drone  
  21  2:02  Drone  
  22  2:12  Drone x2  
  22  2:13  Queen x2  
  28  2:25  Overlord  
  28  2:35  Overlord  
  28  2:38  Metabolic Boost  
  28  2:45  Zergling x8  
  28  2:50  Drone  
  34  2:58  Drone  
  34  3:02  Extractor  
  33  3:14  Drone x2  
  33  3:15  Drone  
  36  3:24  Drone x2  
  36  3:25  Drone  
  39  3:30  Drone x5  
  39  3:34  Overlord  
  44  3:47  Drone  
  44  3:51  Queen  
  46  4:00  Roach Warren  
  46  4:01  Drone x3  
  46  4:02  Drone x2  
  50  4:03  Overlord x2  
  50  4:04  Drone  
  50  4:06  Drone  
  52  4:15  Overlord x2  
  52  4:26  Zergling x4  
  54  4:43  Drone  
  54  4:44  Drone x5  
  60  4:48  Hatchery  
  59  5:08  Drone x9  
  68  5:26  Roach  
  68  5:27  Roach x2  
  74  5:35  Extractor  
  73  5:36  Lair  
  73  5:37  Extractor  
  73  5:38  Pneumatized Carapace  
  72  5:47  Roach x3  
  72  5:48  Overlord  
  74  6:24  Roach x12  
  74  6:25  Overlord x3  
  98  6:33  Glial Reconstitution  
  98  6:42  Overlord  
  98  6:43  Overlord x4  
  98  6:47  Spire  
  98  6:54  Drone x4  
  98  6:55  Drone x2  
  98  6:57  Extractor  
  98  6:58  Extractor  
  101  7:04  Overseer  
  101  7:05  Overseer x2  
  101  7:19  Roach x9  
  101  7:20  Roach  
  101  7:21  Drone  
  101  7:22  Drone x3  
  125  7:31  Roach x2  
  125  7:34  Drone x2  
  125  7:36  Drone  
  132  7:42  Drone  
  133  7:58  Mutalisk  
  133  7:59  Mutalisk x9  
  133  8:01  Roach  
  155  8:12  Evolution Chamber  
  155  8:13  Spire  
  155  8:16  Evolution Chamber  
  152  8:21  Mutalisk  
  152  8:23  Zergling x2  
  152  8:24  Zergling x14  
  152  8:25  Overlord x2  
  152  8:26  Overlord  
  162  8:42  Overlord  
  162  8:43  Overlord x5  
  162  9:10  Zerg Ground Armor Level 1, Zerg Missile Weapons Level 1  
  162  9:12  Zerg Flyer Weapons Level 1  
  162  9:34  Corruptor x9  
  172  9:56  Corruptor x2  
  172  9:57  Corruptor  
  178  10:04  Hatchery  
  177  10:38  Corruptor  
  177  10:39  Corruptor x6  
  177  10:40  Zergling x2  
  177  10:41  Zergling x16  
  200  11:00  Extractor  
  197  11:06  Extractor  
  192  11:16  Corruptor x6  
Show
View Real Time Build Order
Export as new Build Order

Spooky Protoss - Winner!

Build Orders: 1 Gate Expand, Forge Fast Expand (FFE) 

Get SALT Encoding   

  12  0:01  Probe (Chrono Boost)  
  13  0:12  Probe (Chrono Boost)  
  14  0:18  Pylon  
  14  0:20  Probe  
  15  0:36  Probe  
  15  0:39  Gateway  
  16  0:48  Probe  
  17  0:56  Forge  
  17  1:00  Probe (Chrono Boost)  
  18  1:04  Assimilator  
  19  1:11  Probe (Chrono Boost)  
  19  1:33  Nexus  
  19  1:42  Pylon  
  19  1:49  Zealot  
  19  1:51  Probe  
  22  2:05  Photon Cannon  
  22  2:11  Probe  
  23  2:23  Assimilator  
  23  2:25  Probe  
  23  2:26  Pylon  
  24  2:37  Probe, Cybernetics Core  
  25  2:52  Probe x2  
  27  3:04  Probe  
  27  3:05  Probe  
  29  3:08  Assimilator  
  29  3:10  Assimilator  
  29  3:16  Probe  
  29  3:19  Adept (Chrono Boost)  
  30  3:25  Probe  
  33  3:31  Pylon  
  33  3:39  Probe x2  
  35  3:50  Stargate  
  35  3:54  Stargate  
  36  3:55  Probe (Chrono Boost)  
  36  3:56  Probe (Chrono Boost)  
  37  4:07  Probe (Chrono Boost)  
  37  4:08  Probe (Chrono Boost)  
  39  4:16  Probe x2 (Chrono Boost)  
  39  4:20  Pylon  
  41  4:27  Probe (Chrono Boost)  
  41  4:28  Probe (Chrono Boost)  
  43  4:35  Void Ray (Chrono Boost)  
  49  4:39  Probe x2 (Chrono Boost)  
  49  4:43  Void Ray (Chrono Boost)  
  53  4:48  Probe  
  53  4:49  Probe  
  55  4:59  Photon Cannon  
  55  5:04  Shield Battery  
  55  5:06  Probe x2  
  57  5:22  Void Ray x2 (Chrono Boost)  
  65  5:30  Pylon  
  65  5:32  Pylon  
  65  5:34  Twilight Council  
  65  5:38  Probe x2  
  67  5:44  Pylon  
  67  5:52  Probe x2  
  67  5:53  Stargate  
  67  5:56  Stargate  
  69  6:10  Void Ray x2  
  77  6:19  Probe x2, Protoss Shields Level 1  
  79  6:28  Protoss Air Weapons Level 1 (Chrono Boost)  
  79  6:34  Nexus  
  79  6:39  Pylon  
  79  6:40  Pylon  
  79  6:50  Assimilator  
  79  6:51  Probe x2  
  81  6:54  Assimilator  
  81  7:01  Fleet Beacon  
  81  7:03  Photon Cannon  
  81  7:10  Gateway  
  81  7:12  Gateway  
  81  7:22  Probe, Void Ray  
  82  7:23  Probe  
  87  7:34  Probe  
  87  7:35  Probe  
  89  7:42  Shield Battery  
  89  7:43  Pylon  
  89  7:47  Carrier (Chrono Boost)  
  95  7:51  Graviton Catapult (Chrono Boost)  
  95  7:53  Photon Cannon  
  95  8:12  Warp Gate (Chrono Boost)  
  95  8:20  Photon Cannon, Probe  
  95  8:21  Mothership  
  95  8:24  Pylon, Carrier (Chrono Boost)  
  110  8:30  Probe  
  110  8:33  Probe  
  112  8:41  Carrier (Chrono Boost)  
  112  8:43  Probe  
  112  8:45  Probe  
  120  8:48  Pylon  
  120  8:51  Carrier (Chrono Boost)  
  126  9:00  Pylon  
  126  9:03  Pylon  
  126  9:06  Pylon  
  126  9:12  Photon Cannon  
  126  9:14  Photon Cannon  
  126  9:22  Phoenix (Chrono Boost)  
  128  9:42  Anion Pulse-Crystals  
  128  9:44  Phoenix (Chrono Boost)  
  132  9:48  Phoenix (Chrono Boost)  
  132  9:57  Phoenix  
  134  10:02  Phoenix  
  136  10:07  Phoenix  
  136  10:14  Phoenix  
  140  10:24  Phoenix  
  142  10:29  Nexus  
  142  10:31  Assimilator  
  142  10:33  Assimilator  
  142  10:36  Pylon  
  141  11:27  Probe x3  
Tags
 
Add a new tag
Caveats
  • Supply blocks, unpowered buildings, or Contaminate may cause inaccurate times.
  • Supply counts are checked every 10 seconds.